 Dungeon Crawl Stone Soup version 0.16.1-7-g2c6721e (webtiles) character file.

928 rapsody the Chopper (level 8, -5/69 HPs)
             Began as a Hill Orc Fighter on Mar 29, 2015.
             Slain by a gnoll sergeant
             ... wielding a +5 spear of freezing
              (6 damage)
             ... on level 6 of the Dungeon.
             The game lasted 01:08:10 (5638 turns).

rapsody the Chopper (Hill Orc Fighter)              Turns: 5638, Time: 01:08:10

Health: -5/69      AC: 12    Str: 21    XL:     8   Next: 11%
Magic:  8/8        EV:  6    Int:  8    God:
Gold:   356        SH: 12    Dex: 13    Spells: 0 memorised, 7 levels left

rFire  + . .     SeeInvis .     a - +1 war axe
rCold  x . .     Clarity  .     o - +0 chain mail
rNeg   . . .     SustAb   .     c - +2 shield
rPois  .         Gourm    .     f - +0 helmet
rElec  .         Spirit   .     (no cloak)
rCorr  .         Warding  .     (no gloves)
rMut   .         Stasis   .     z - +0 pair of boots
MR     .....                    p - amulet of regeneration
Stlth  ..........               A - ring of fire
                                q - +3 ring of strength

@: flying, very slightly contaminated, not resistant to hostile enchantments,
extremely unstealthy
A: agile 1, screaming 1, weak 1
a: no special abilities


You were on level 6 of the Dungeon.
You were completely stuffed.

You visited 1 branch of the dungeon, and saw 6 of its levels.

You collected 356 gold pieces.

Inventory:

Hand weapons
 a - a +1 war axe (weapon)
 g - a +0 quarterstaff
 l - a +0 long sword
 t - a +3 mace
 v - a +4 scythe of venom
 y - a +0 war axe
 E - a +0 flail
 N - a +3 dagger of holy wrath
 S - a +0 blowgun
 Z - a +0 hand axe
Missiles
 h - 2 throwing nets
 i - 99 arrows
 n - 127 stones
 x - 11 bolts
 D - 20 poisoned needles (quivered)
Armour
 c - a +2 shield (worn)
 f - a +0 helmet (worn)
 o - a +0 chain mail (worn)
 z - a +0 pair of boots (worn)
Jewellery
 p - an amulet of regeneration (around neck)
 q - a +3 ring of strength (left hand)
 A - a ring of fire (right hand)
 H - an uncursed ring of flight
Magical devices
 M - a wand of flame (33)
Scrolls
 w - 4 scrolls of remove curse
Potions
 b - a potion of ambrosia {unknown}
 e - 2 potions of might
 s - 2 potions of flight
Books
 j - a Grand Grimoire {highlevel, unknown}

   This book is beyond your current level of understanding.

   Spells                             Type                      Level
   a - Aura of Abjuration             Summoning                    6
   b - Summon Greater Demon           Summoning                    7
   c - Malign Gateway                 Summoning/Translocation      7
   d - Summon Horrible Things         Summoning                    8
Comestibles
 d - a meat ration
 k - 2 royal jellies
 m - 3 bread rations
 r - 5 beef jerkies
 B - a slice of pizza
 W - a fruit


   Skills:
 + Level 5.5 Fighting
 + Level 6.5 Axes
 + Level 1.8 Throwing
 + Level 5.2 Armour
 + Level 1.6 Dodging
 + Level 6.2 Shields


You had 7 spell levels left.
You didn't know any spells.

Dungeon Overview and Level Annotations

Branches:
Dungeon (6/15)
 Temple: D:4-7

Altars:
Ashenzari
Fedhas
Kikubaaqudgha
Xom
Yredelemnul

Shops:
D:6 =


Innate Abilities, Weirdness & Mutations

You are agile. (Dex +2)
You occasionally shout uncontrollably at your foes.
You are weak. (Str -2)


Message History

The gnoll sergeant freezes you.
* * * LOW HITPOINT WARNING * * *
You block the gnoll's attack. You block the gnoll sergeant's attack.
You hit the gnoll.
The gnoll is severely wounded.
You block the gnoll's attack.
The gnoll sergeant hits you but does no damage.
You hit the gnoll!
You kill the gnoll!
You block the gnoll sergeant's attack.
Quivering
D - 21 poisoned needles for throwing.
Tossing away (i - inventory. (,) - cycle):
D - 21 poisoned needles (quivered)
Press: ? - help, Shift-Dir - straight line, f - gnoll sergeant
Aim: a gnoll sergeant, wielding a spear of freezing and wearing a ring mail You toss away a poisoned needle.
The poisoned needle hits the gnoll sergeant!
The gnoll sergeant hits you from afar with a spear of freezing!
* * * LOW HITPOINT WARNING * * *
The gnoll sergeant freezes you.
You die...

#........[....<)#...###......####
..##............##gg.####...##
.##............###z#.####...#
.?..##....#...## #.#........# *
....*#.######## ##..##......# *
.(..*#..,**######.......(...####*
....##.#.,.....................#,
....,......#######g..........#...
,,,#*##.##......@).............#.
,*** #..#########>.....###......
** ####.<#### ##......# *....., *
#........# ##.......# *....,, *
#........###........# *...,,,
#[...........#......# *,,,,,,
#........#####......# *,,,,,,
#........# ######## *,,,,,,
#........# *******


You could see a gnoll sergeant.

Vanquished Creatures
  A phantom (D:6)
  Sigmund (D:3)
  2 scorpions
  The ghost of rapsody the Chucker, a weakling TrHu (D:3)
  3 wights (D:6)
  A crimson imp (D:6)
  A giant frog skeleton (D:5)
  A hound (D:6)
  4 worker ants
  An iguana (D:4)
  Ijyb (D:5)
  Jessica (D:2)
  Robin (D:2)
  8 gnolls
  5 adders
  3 worms
  2 adder skeletons
  An adder zombie (D:5)
  4 giant geckos
  3 oozes
  3 orcs (D:3)
  2 ball pythons
  12 bats
  2 bat skeletons (D:4)
  16 hobgoblins
  8 jackals
  5 quokkas
  5 giant cockroaches
  8 giant newts
  14 goblins
  9 kobolds
  A quokka skeleton (D:4)
  A quokka zombie (D:6)
  10 rats
  5 plants
146 creatures vanquished.

Notes
Turn   | Place    | Note
--------------------------------------------------------------
     0 | D:1      | rapsody, the Hill Orc Fighter, began the quest for the Orb.
     0 | D:1      | Reached XP level 1. HP: 19/19 MP: 1/1
   115 | D:1      | Reached XP level 2. HP: 27/27 MP: 2/2
   201 | D:1      | Reached skill level 4 in Fighting
   305 | D:1      | Found a shimmering altar of Xom.
   334 | D:1      | Reached XP level 3. HP: 24/33 MP: 3/3
  1089 | D:2      | Noticed Jessica
  1106 | D:2      | Killed Jessica
  1106 | D:2      | Reached XP level 4. HP: 32/40 MP: 4/4
  1444 | D:2      | Noticed Robin
  1462 | D:2      | Killed Robin
  1821 | D:3      | Noticed Sigmund
  1841 | D:3      | Killed Sigmund
  1841 | D:3      | Reached XP level 5. HP: 16/47 MP: 5/5
  2070 | D:3      | Noticed rapsody's ghost (weakling TrHu)
  2085 | D:3      | Killed rapsody's ghost
  2085 | D:3      | Reached XP level 6. HP: 25/53 MP: 6/6
  2217 | D:3      | Reached skill level 5 in Shields
  2623 | D:4      | Found a blossoming altar of Fedhas.
  2828 | D:4      | Reached skill level 1 in Throwing
  2853 | D:4      | Reached skill level 5 in Fighting
  3680 | D:4      | Reached skill level 5 in Axes
  3817 | D:4      | Reached XP level 7. HP: 45/61 MP: 7/7
  4120 | D:5      | Entered Level 5 of the Dungeon
  4136 | D:5      | Reached skill level 1 in Dodging
  4147 | D:5      | Found an ancient bone altar of Kikubaaqudgha.
  4509 | D:5      | Found a basalt altar of Yredelemnul.
  4509 | D:5      | Found a shattered altar of Ashenzari.
  4627 | D:5      | Noticed Ijyb
  4656 | D:5      | Killed Ijyb
  5421 | D:6      | Found Nifuvvif's Jewellery Emporium.
  5451 | D:6      | Reached skill level 5 in Armour
  5537 | D:6      | Reached skill level 6 in Axes
  5606 | D:6      | Reached XP level 8. HP: 52/69 MP: 8/8
  5626 | D:6      | Gained mutation: You are weak. (Str -2) [potion of mutation]
  5626 | D:6      | Gained mutation: You are agile. (Dex +2) [potion of mutation]
  5626 | D:6      | Gained mutation: You occasionally shout uncontrollably at your foes. [potion of mutation]
  5638 | D:6      | HP: 1/69 [gnoll sergeant/spear of freezing (7)]
  5638 | D:6      | Slain by a gnoll sergeant

Action                   |  1- 3 |  4- 6 |  7- 9 || total
-------------------------+-------+-------+-------++-------
Melee: War axe           |    85 |   305 |   146 ||   536
Throw: Stone             |    11 |    22 |     8 ||    41
  Use: Scroll            |     5 |     6 |     5 ||    16
       Potion            |       |     1 |     3 ||     4
  Eat: Meat ration       |     2 |     2 |     2 ||     6
       Fruit             |       |       |     1 ||     1
